AoeStats
← ulisesbazan

Arabia

508273896Analyzed
1v1 RM · 10d ago on Sep 21, 2026· 35m 52s· 2 players
Game mode
Random Map
Map size
Tiny (2 player)
Population
200
Speed
Normal
Resources
Standard
Victory
Conquest
Starting age
Dark Age
Ending age
Imperial Age
RankedLock teamsTeams togetherTeam positionsShared explorationLock speedFull tech treeHidden civsTurbo modeCheats
Victory
Defeat
🇦🇷 Hindustanis · Argentina
678
+15
🇬🇧 Franks · United Kingdom
646
-15
Capt JP
11:31 Feudal Age
12:39 Double-Bit Axe
18:07 Loom
22:30 Forging
22:26 Scale Barding Armor
26:43 Castle Age
26:32 Scale Mail Armor
26:39 Fletching
27:11 Pikeman
30:24 Crossbowman
34:31 Town Watch
ulisesbazan
6:41 Loom
9:14 Feudal Age
12:55 Town Watch
16:07 Forging
17:28 Wheelbarrow
21:48 Castle Age
23:02 Husbandry
22:27 Pikeman
23:08 Squires
23:25 Double-Bit Axe
23:54 Crossbowman
26:15 Fletching
33:40 Iron Casting
33:02 Bodkin Arrow
34:52 Town Patrol
35:06 Gold Mining
Connection lost

Rejoining the realm…

Still unreachable

The connection could not be restored.

Session expired

The server has moved on; the page needs a fresh start.